 Dungeon Crawl Stone Soup version 0.29.1-1-gd02db6906a (webtiles) character file.

Game seed: 10995774829556327212

53 raincastle the Trooper (level 3, -1/29 HPs)
             Began as a Demonspawn Abyssal Knight on Sept 19, 2022.
             Was a Believer of Lugonu.
             Slain by a gnoll
             ... wielding a +0 halberd
             ... led by a gnoll bouda
              (7 damage)
             ... on level 3 of the Dungeon.
             The game lasted 00:07:06 (2304 turns).

raincastle the Trooper (Demonspawn Abyssal Knight)  Turns: 2304, Time: 00:07:07

Health: -1/29      AC:  7    Str: 15    XL:     3   Next: 64%
Magic:  5/5        EV: 10    Int: 11    God:    Lugonu [**....]
Gold:   193        SH:  0    Dex: 15    Spells: 2/2 levels left

rFire   . . .      SeeInvis .   a - +1 mace
rCold   . . .      Faith    .   (no shield)
rNeg    . . .      Spirit   .   e - +2 ring mail {rPois}
rPois   +          Reflect  .   (no helmet)
rElec   .          Harm     .   (no cloak)
rCorr   .          Rampage  .   (no gloves)
Will    .....                   (no boots)
Stlth   ++........              (no amulet)
HPRegen 0.09/turn               (no ring)
MPRegen 0.09/turn               (no ring)

@: no status effects
A: thin skeletal structure 1, powered by death 1
a: Renounce Religion, Depart the Abyss, Bend Space


You were on level 3 of the Dungeon.
You worshipped Lugonu.
Lugonu was pleased with you.
You visited 1 branch of the dungeon, and saw 3 of its levels.
You visited the Abyss 1 time.

You collected 193 gold pieces.

Inventory:

Hand Weapons
 a - a +1 mace (weapon)
Armour
 b - a +0 leather armour
 e - a +2 ring mail of poison resistance (worn)
Scrolls
 c - a scroll of noise {unknown}
 j - a scroll of immolation {unknown}
 k - 2 scrolls of fear {unknown}
 l - a scroll of fog {unknown}
 m - a scroll of poison {unknown}
Potions
 d - a potion of curing {unknown}
 g - a potion of haste {unknown}
 h - a potion of heal wounds {unknown}
 i - a potion of degeneration {unknown}
 n - a potion of brilliance {unknown}


   Skills:
 - Level 3.4 Fighting
 * Level 2.6 Maces & Flails
 + Level 2.2 Armour
 - Level 0.8 Dodging
 + Level 0.3 Stealth
 * Level 3.1 Invocations


You had 2 spell levels left.
You didn't know any spells.
Your spell library was empty.

Dungeon Overview and Level Annotations

Branches:
Dungeon (3/15)

Altars:
Makhleb


Innate Abilities, Weirdness & Mutations

You have a somewhat thin skeletal structure. (Dex +2, Stealth+)
You regenerate a little health from kills.


Message History

You are too injured to fight recklessly!
You are too injured to fight recklessly!
As you read the scroll of teleportation, it crumbles to dust.
You feel strangely unstable.
The water moccasin bites you but does no damage.
The frilled lizard bites you but does no damage.
The frilled lizard attacks as you move away!
The frilled lizard misses you. The water moccasin barely misses you.
A dart slug comes into view.
Your surroundings suddenly seem different.
A gnoll bouda and 4 gnolls come into view.
A gnoll is wielding a +0 flail of holy wrath.
Found 10 gold pieces and a puce potion.
The gnoll bouda gazes fiercely through you!
You feel your attacks grow feeble.
The dart slug moves out of view.
The gnoll shouts! x2
The gnoll bouda barks out a call to the hunt!
The gnolls pick up the pace!
The gnoll shouts!
You hear a shout!
Something hits the plant!
The plant begins to die.
Your attacks no longer feel as feeble.
The gnoll barely misses you.
Found 10 gold pieces.
The gnoll hits you from afar with a +0 spear.
* * * LOW HITPOINT WARNING * * *
The gnoll is no longer moving quickly.
A gnoll is nearby!
A ball python comes into view.
You hear the slow rusting of a very distant drain.
The gnoll bouda barks out a call to the hunt!
The gnolls pick up the pace!
The gnoll closely misses you.
The gnoll shouts!
The gnoll barely misses you.
You barely miss the gnoll. The gnoll closely misses you.
The gnoll hits you from afar with a +0 spear.
* * * LOW HITPOINT WARNING * * *
The gnoll hits you with a +0 halberd!
You die...

###################
#...g...g..g....S..
#
#.#.#######.#######
######. #...#####g#
.......#####..$g@..#
...#...#######
########.#g###
...g.g.....#
############


You could see 2 gnolls.

Vanquished Creatures
  A gnoll (D:1)
  An adder (D:2)
  2 worms (D:2)
  2 dart slugs
  2 ball pythons (D:2)
  An endoplasm (D:1)
  3 hobgoblins
  2 jackals (D:2)
  A frilled lizard (D:1)
  5 goblins
  3 kobolds
  2 rats
25 creatures vanquished.

Vanquished Creatures (others)
  A plant (D:3)
1 creature vanquished.

Grand Total: 26 creatures vanquished

Notes
Turn   | Place    | Note
-------+----------+-------------------------------------------
     0 | Abyss:1  | raincastle the Demonspawn Abyssal Knight began the quest
                  | for the Orb.
     0 | Abyss:1  | Reached XP level 1. HP: 18/18 MP: 2/2
     1 | D:1      | Escaped the Abyss
    86 | D:1      | Gained mutation: You have a somewhat thin skeletal
                  | structure. (Dex +2, Stealth+) [demonic ancestry]
    86 | D:1      | Reached XP level 2. HP: 9/24 MP: 3/3
  1539 | D:2      | Gained mutation: You regenerate a little health from kills.
                  | [demonic ancestry]
  1539 | D:2      | Reached XP level 3. HP: 28/29 MP: 5/5
  1886 | D:2      | Found a burning altar of Makhleb.
  2259 | D:3      | Noticed a water moccasin
  2304 | D:3      | Slain by a gnoll

Illustrated notes

Levels and vault maps discovered:
D:1:      matt_arrival_refuge, layout_loops_corners, hangedman_decor_slide_cut
D:2:      layout_loops_ring, basic_altar
D:3:      kennysheep_slugbush, layout_loops_ring, kennysheep_vampire_church,
          portal_sewer_entry_f, nicolae_grassy_gnolls

Skill      XL: |  1  2 |
---------------+-------+-----
Maces & Flails | 2 |  2.6
Armour         | 2 |  2.2
Invocations    | 3 |  3.1
Fighting       | |  3.4
Dodging        | |  0.8
Stealth        | |  0.3

Action                   || total
-------------------------++-------
Melee: Mace              ||    86
       Punch             ||     1
  Use: Scroll            ||     2
 Stab: Sleeping          ||     3
Armor: Ring mail         ||    28
Dodge: Dodged            ||    58
